 Dungeon Crawl Stone Soup version 0.30-a0-596-g0af90f9a20 (webtiles) character file.

Game seed: 7026394230912567156

39 acebull12 the Poker (level 3, 0/28 HPs)
             Began as a Demonspawn Gladiator on Jan 7, 2023.
             Slain by a white imp (4 damage)
             ... summoned by Natasha
             ... on level 2 of the Dungeon.
             The game lasted 00:02:54 (746 turns).

acebull12 the Poker (Demonspawn Gladiator)           Turns: 746, Time: 00:02:54

Health: 0/28       AC:  4    Str: 16    XL:     3   Next: 28%
Magic:  4/4        EV: 12    Int:  9    God:
Gold:   31         SH:  0    Dex: 14    Spells: 4/4 levels left

rFire   . . .      SeeInvis .    a - +0 trident
rCold   . . .      Faith    .    (no shield)
rNeg    . . .      Spirit   .    b - +0 leather armour
rPois   .          Reflect  .    c - +0 helmet
rElec   .          Harm     .    (no cloak)
rCorr   .          Rampage  .    (no gloves)
Will    .....                    (no boots)
Stlth   +                        (no amulet)
HPRegen 0.24/turn                (no ring)
MPRegen 0.09/turn                (no ring)

@: no status effects
A: spiny 2
a: no special abilities


You were on level 2 of the Dungeon.
You visited 1 branch of the dungeon, and saw 2 of its levels.

You collected 31 gold pieces.

Inventory:

Hand Weapons
 a - a +0 trident (weapon)
Missiles
 d - 3 throwing nets (quivered)
 e - a javelin
Armour
 b - a +0 leather armour (worn)
 c - a +0 helmet (worn)
 q - a +0 ring mail of cold resistance
Scrolls
 f - a scroll of poison {unknown}
 g - a scroll of fog {unknown}
 h - a scroll of magic mapping {unknown}
 j - a scroll of enchant armour {unknown}
 l - a scroll of teleportation {unknown}
 n - a scroll of enchant weapon {unknown}
 o - a scroll of identify {unknown}
Potions
 i - a potion of heal wounds {unknown}
 k - a potion of invisibility {unknown}
 m - a potion of attraction {unknown}
 p - 2 potions of flight {unknown}


   Skills:
 * Level 2.3 Fighting
 * Level 3.1 Polearms
 + Level 2.1 Throwing
 + Level 2.7 Dodging
 * Level 1.2 Spellcasting


You had 4 spell levels left.
You didn't know any spells.
Your spell library contained the following spells:

 Spells                   Type           Power      Damage    Failure   Level
 Sandblast                Erth           0%         2d4       41%         1
 Passwall                 Tmut/Erth      0%         N/A       56%         2
 Stone Arrow              Conj/Erth      0%         3d7       80%         3


Dungeon Overview and Level Annotations

Branches:
Dungeon (2/15)

Altars:
Dithmenos

Shops:
D:1 [

Annotations:
D:2 Natasha


Innate Abilities, Weirdness & Mutations

You are mostly covered in sharp spines.


Message History

No target in view!
A ball python is nearby!
The ball python hisses angrily.
You hit the ball python.
The ball python is heavily wounded.
The ball python is struck by your spines.
You kill the ball python!
No target in view!
No target in view!
You now have 31 gold pieces (gained 11).
Found a stone staircase leading down.
An endoplasm comes into view.
Found a runed ring mail.
The endoplasm quivers.
You reach to attack!
You hit the endoplasm.
The endoplasm is moderately wounded.
You puncture the endoplasm!
You kill the endoplasm!
No target in view!
p - 2 pink potions (gained 1)
Found a leather armour.
Natasha, Servant of Life and Death comes into view.
Natasha hisses angrily.
There is a stone staircase leading down here.
Natasha casts a spell.
The white imp grinds its teeth.
You see here a +0 ring mail of cold resistance.
q - a +0 ring mail of cold resistance Natasha casts a spell.
The white imp gestures at you. The puff of frost hits you.
Natasha stares at you and mumbles some strange words.
The magic dart hits you! The white imp gestures at you.
The puff of frost hits you!
* * * LOW HITPOINT WARNING * * *
Natasha casts a spell at you. The magic dart hits you.
* * * LOW HITPOINT WARNING * * *
The white imp hits you.
You die...

#.### ..## #.. ....###
... ##.# #[#...####.##
###..# ###.###...##..##
#....#
#$.........##..###....#
#....h...........#....#
#..........####........
#...55.....# #.#......
#.....@....# #..##....
#..........# ##.#####.
#..........# #.# ##
######.##### ..# # #.#
### # #.. # ####


You could see Natasha and 2 white imps.

Vanquished Creatures
  2 adders (D:2)
  3 ball pythons (D:2)
  3 endoplasms
  A giant cockroach (D:1)
  2 goblins
  4 kobolds
  A quokka (D:1)
  3 frilled lizards
  A rat (D:1)
20 creatures vanquished.

Notes
Turn   | Place    | Note
-------+----------+-------------------------------------------
     0 | D:1      | acebull12 the Demonspawn Gladiator began the quest for the
                  | Orb.
     0 | D:1      | Reached XP level 1. HP: 16/16 MP: 1/1
     6 | D:1      | Noticed a rime drake
     6 | D:1      | Noticed a black bear
     7 | D:1      | Noticed a lindwurm
     7 | D:1      | Noticed a snapping turtle
   105 | D:1      | Found Kuogyf's Antique Armour Emporium.
   216 | D:1      | Reached skill level 3 in Polearms
   266 | D:1      | Gained mutation: You are partially covered in sharp spines.
                  | [demonic ancestry]
   266 | D:1      | Reached XP level 2. HP: 22/22 MP: 2/2
   573 | D:2      | Found a shadowy altar of Dithmenos.
   582 | D:2      | Reached skill level 1 in Spellcasting
   588 | D:2      | Gained mutation: You are mostly covered in sharp spines.
                  | [demonic ancestry]
   588 | D:2      | Reached XP level 3. HP: 18/27 MP: 2/4
   739 | D:2      | Noticed Natasha
   746 | D:2      | Slain by a white imp

Illustrated notes

Levels and vault maps discovered:
D:1:      onia_arrival_zoo_common, layout_basic, serial_shops, shop
D:2:      layout_rooms, basic_altar, minmay_distorted, uniq_terence,
          uniq_natasha

Skill      XL: |  1  2 |
---------------+-------+-----
Polearms       | 3 |  3.1
Spellcasting   | 1 |  1.2
Throwing       | 2 |  2.1
Fighting       | |  2.3
Dodging        | |  2.7

Action                   || total
-------------------------++-------
Melee: Trident           ||    49
Armor: Leather armour    ||    12
Dodge: Dodged            ||    14

Table legend: (Time is in decaauts)
 A = Elapsed time spent in this place.
 B = Non-inter-level travel time spent in this place.
 C = Inter-level travel time spent in this place.
 D = Time resting spent in this place.
 E = Time spent auto-exploring this place.
 F = Levels seen in this place.
 G = Mean time per level.
                   A        B        C        D        E       F      G
               +--------+--------+--------+--------+--------+-----+--------+
         Total |    753 |    721 |     32 |      0 |    563 |   2 |  376.5 |
       Dungeon |    753 |    721 |     32 |      0 |    563 |   2 |  376.5 |
               +--------+--------+--------+--------+--------+-----+--------+

Top non-repeatable levels by time:
     D:1: 534 daAuts
     D:2: 218 daAuts
